cohdb
Replays
Latest Replays
All Replays
Popular Replays
Top Player Replays
Match Explorer
How It Works
Community
CoH3 Stats
Reddit
Sign in to upload your games and track your stats! →
Sign in with Steam
Match 42224848
Unlisted
Match 42224848
Overview
Messages
Build Orders
End
Kettenkrad Recon Vehicle
Construct Infanterie Kompanie
Grenadier Squad
Grenadier Squad
Grenadier Squad
GrW 34 Mortar Team
Construct Panzergrenadier Kompanie
251 Medium Carrier
Pak 40 Anti-tank Gun Team
Medical Bunker
Panzergrenadier Squad
Construct Panzer Kompanie
Stoßtruppen Squad
Panzer IV Medium Tank
Stoßtruppen Squad
Selects Luftwaffe Battlegroup
Selects Reconnaissance Run
Selects Fallschirmjäger Squad Paradrop
Selects Reconnaissance Run
Selects Fallschirmjäger Squad Paradrop
Selects Fragmentation Bombs
Fragmentation Bombs
Selects Luftwaffe Pioneer Support
Selects LG40 Recoilless Gun Paradrop
Selects Infantry Reserves
Panzer IV Medium Tank
Fragmentation Bombs
Stoßtruppen Squad
Grenadier Squad
Pioneer Squad
Fragmentation Bombs
Panzer IV Medium Tank
Fragmentation Bombs
Stoßtruppen Squad
Grand.G
Marshal Georgy Zhukov
0
0
Comments
sign in to comment!
No comments posted yet!